 Dungeon Crawl Stone Soup version 0.31-a0-981-geadf994 (webtiles) character file.

Game seed: 16328544738443258171

3173 2000msi the Protected (level 9, -1/81 HPs)
             Began as a Minotaur Berserker on Nov 1, 2023.
             Was an Elder of Trog.
             Succumbed to a hornet's poison
             ... on level 7 of the Dungeon.
             The game lasted 00:19:23 (5797 turns).

2000msi the Protected (Minotaur Berserker)          Turns: 5797, Time: 00:19:24

Health: -1/81      AC: 16    Str: 27    XL:     9   Next: 63%
Magic:  8/8        EV:  8    Int:  4    God:    Trog [****..]
Gold:   257        SH:  0    Dex:  9    Spells: 8/8 levels left

rFire   . . .        F - +0 broad axe
rCold   . . .        (no shield)
rNeg    . . .        q - +0 plate armour
rPois   .            E - +1 hat
rElec   .            (no cloak)
rCorr   .            (no gloves)
SInv    .            z - +0 pair of boots
Will    .....        (no amulet) Stlth
                     (no ring)
HPRegen 0.33/turn    (no ring)
MPRegen 0.11/turn

%: no passive effects
@: lethally poisoned (-1 -> -10), slowed, very slow
A: horns 2, retaliatory headbutt
a: Renounce Religion, Berserk, Trog's Hand, Brothers in Arms


You were on level 7 of the Dungeon.
You worshipped Trog.
Trog was greatly pleased with you.
You visited 2 branches of the dungeon, and saw 9 of its levels.
You also visited: Sewer.

You collected 257 gold pieces.

Inventory:

Hand Weapons
 F - a +0 broad axe (weapon)
Missiles
 a - 4 darts of dispersal
 r - 7 poisoned darts
Armour
 q - a +0 plate armour (worn)
 z - a +0 pair of boots (worn)
 E - a +1 hat (worn)
Jewellery
 i - a ring of ice
Wands
 p - a wand of polymorph (5)
 A - a wand of roots (9)
 B - a wand of charming (6)
Scrolls
 d - 5 scrolls of teleportation
 e - 2 scrolls of brand weapon {unknown}
 h - a scroll of blinking {unknown}
 m - a scroll of silence {unknown}
 o - 3 scrolls of fog
 s - 2 scrolls of noise {unknown}
 u - a scroll of amnesia {unknown}
 v - 2 scrolls of enchant armour {unknown}
 x - a scroll of enchant weapon {unknown}
 y - 5 scrolls of immolation {unknown}
 D - a scroll of fear {unknown}
Potions
 b - a potion of enlightenment {unknown}
 f - 7 potions of heal wounds
 n - a potion of might {unknown}
 t - a potion of cancellation
 w - 2 potions of mutation
 C - a potion of ambrosia {unknown}


   Skills:
 + Level 8.2 Fighting
 + Level 8.2 Axes
 - Level 5.0 Throwing
 * Level 9.6 Armour
 - Level 2.1 Dodging
 + Level 4.0 Evocations


You had 8 spell levels left.
You didn't know any spells.
Your spell library was empty.

Dungeon Overview and Level Annotations

Branches:
Dungeon (8/15)             Temple (1/1) D:4           Sewer (visited)
   Lair: D:8-11

Altars:
Cheibriados
Dithmenos
Elyvilon
Fedhas
Gozag
Hepliaklqana
Kikubaaqudgha
Nemelex Xobeh
Okawaru
Qazlal
Ru
Sif Muna
Trog
Uskayaw
Vehumet
Wu Jian
Xom
Yredelemnul
Zin
The Shining One

Annotations:
D:8 Jeremiah


Innate Abilities, Weirdness & Mutations

You have a pair of horns on your head.
You reflexively headbutt those who attack you in melee.


Message History

The hornet stings you!
You are more poisoned.
You feel as though you will be slow longer.
You closely miss the hornet.
The hornet is heavily wounded.
You feel extremely sick.
The hornet stings you but does no damage.
The hornet stings you!
You suddenly lose the ability to move!
You feel very sick. The hornet stings you.
* * * LOW HITPOINT WARNING * * *
You are lethally poisoned!
You feel as though you will be slow longer.
The hornet stings you but does no damage.
* * * LOW HITPOINT WARNING * * *
You feel very sick. The hornet stings you.
* * * LOW HITPOINT WARNING * * *
You are more poisoned.
You shrug off the repeated paralysis!
You can move again.
You feel better.
The hornet stings you but does no damage.
The hornet stings you!
* * * LOW HITPOINT WARNING * * *
You are poisoned.
You feel as though you will be slow longer.
The hornet stings you!
* * * LOW HITPOINT WARNING * * *
You feel as though you will be slow longer.
Okay, then.
Aiming: Fastroot
Press: ? - help, Q - select action, (/) - cycle Shift-Dir - straight line, f - hornet
Aim: a hornet (moderately wounded)
Okay, then.
Aiming: Charm
Press: ? - help, Q - select action, (/) - cycle Shift-Dir - straight line, f - hornet
Aim: a hornet (moderately wounded, chance to affect: 50%)
The hornet is charmed.
You die...

#.# #.# ##.##
#.....
#.####.####.#
#.####
#...........#
#.#
######.######
#.# #.# #.#
#.# #######.#
#.# #.......#
#y# #.#######
## #@# #.# #.
###.## #.# #.
#....# #.# #.
#.#.## #.# #.
#.### #.# #.
#.# #.# #.
#.# #.# #.
#.#
#.#########>
#.#
#.##........


You could see a friendly hornet (charmed).

Vanquished Creatures
  Grinder (D:3)
  Sigmund (D:2)
  4 yaks (D:7)
  Menkaure (D:5)
  Edmund (D:5)
  A water moccasin (D:7)
  An ice beast (D:7)
  2 sky beasts
  2 black bears (D:5)
  2 ogres
  A centaur (D:7)
  A phantom (D:4)
  A gnoll sergeant (D:7)
  3 bullfrogs
  3 scorpions
  A howler monkey (D:8)
  4 hounds
  4 iguanas
  Jessica (D:3)
  A sleepcap (D:6)
  Natasha (thrice) (D:3)
  Ijyb (D:4)
  5 gnolls (D:7)
  12 adders
  5 river rats (Sewer)
  A white imp (D:7)
  2 dart slugs (D:1)
  7 orcs
  7 bats
  2 endoplasms
  4 giant cockroaches
  4 goblins
  9 hobgoblins
  2 jackals (D:3)
  5 kobolds
  3 quokkas
  22 ball pythons
  7 frilled lizards
  24 rats
161 creatures vanquished.

Notes
Turn   | Place    | Note
-------+----------+-------------------------------------------
     0 | D:1      | 2000msi the Minotaur Berserker began the quest for the Orb.
     0 | D:1      | Reached XP level 1. HP: 19/19 MP: 0/0
   121 | D:1      | Reached XP level 2. HP: 27/27 MP: 1/1
   272 | D:1      | Reached skill level 3 in Armour
   500 | D:1      | Reached XP level 3. HP: 33/33 MP: 2/2
   693 | D:2      | Reached ** piety under Trog
   791 | D:2      | You fall into a shaft and drop 1 floor!
   877 | D:2      | Found a faded altar of an unknown god.
   915 | D:2      | Noticed Sigmund
   927 | D:2      | Killed Sigmund
   928 | D:2      | Reached skill level 5 in Fighting
   928 | D:2      | Reached skill level 5 in Axes
   928 | D:2      | Reached skill level 1 in Throwing
   928 | D:2      | Reached skill level 4 in Armour
   928 | D:2      | Reached XP level 4. HP: 39/42 MP: 3/3
   928 | D:2      | Reached XP level 5. HP: 45/48 MP: 4/4
  1092 | D:2      | Found a white marble altar of Elyvilon.
  1268 | D:3      | Noticed Grinder
  1282 | D:3      | Paralysed by Grinder for 2 turns
  1286 | D:3      | Killed Grinder
  1287 | D:3      | Reached XP level 6. HP: 57/57 MP: 5/5
  1352 | D:3      | Noticed Jessica
  1357 | D:3      | Killed Jessica
  1483 | D:3      | Found an iron altar of Okawaru.
  1487 | D:3      | Noticed Natasha
  1495 | D:3      | Killed Natasha
  1804 | D:3      | Noticed Natasha
  1811 | D:3      | Killed Natasha
  1812 | D:3      | Reached skill level 5 in Armour
  1836 | D:3      | Noticed Natasha
  1846 | D:3      | Killed Natasha
  1847 | D:3      | Reached XP level 7. HP: 60/62 MP: 6/6
  1975 | D:4      | Found a glowing drain.
  1989 | Sewer    | Entered a sewer
  2062 | Sewer    | Reached *** piety under Trog
  2250 | Sewer    | Reached skill level 1 in Evocations
  2319 | Sewer    | Reached skill level 6 in Armour
  2826 | D:4      | Found a staircase to the Ecumenical Temple.
  2844 | Temple   | Entered the Ecumenical Temple
  2943 | D:4      | Reached XP level 8. HP: 71/71 MP: 7/7
  3261 | D:4      | Noticed Ijyb
  3268 | D:4      | Killed Ijyb
  3339 | D:5      | Entered Level 5 of the Dungeon
  3393 | D:5      | Noticed Edmund
  3405 | D:5      | Killed Edmund
  3460 | D:5      | Reached skill level 7 in Armour
  3510 | D:5      | Noticed Menkaure
  3517 | D:5      | Killed Menkaure
  4427 | D:6      | Reached skill level 8 in Armour
  4725 | D:7      | Reached XP level 9. HP: 74/79 MP: 8/8
  4763 | D:7      | Found a snail-covered altar of Cheibriados.
  4929 | D:7      | Reached skill level 5 in Throwing
  4933 | D:7      | Reached **** piety under Trog
  5387 | D:7      | Reached skill level 9 in Armour
  5765 | D:8      | Noticed Jeremiah
  5793 | D:7      | Paralysed by a hornet for 3 turns
  5796 | D:7      | HP: 2/81 [hornet (7)]
  5797 | D:7      | Succumbed to a hornet's poison

Illustrated notes

Levels and vault maps discovered:
D:1:      lemuel_arrival_tunnels, layout_rooms, minmay_split_cup_small
D:2:      layout_rooms, hellmonk_ecumenical_altar_leap_of_faith, basic_altar,
          uniq_sigmund
D:3:      layout_loops_cross, old_standard_altar, uniq_jessica, uniq_grinder,
          uniq_natasha
D:4:      layout_basic, minmay_temple_entry_mini_moons, gup_sewer_entry_glass,
          uniq_ijyb
D:5:      layout_rooms, uniq_menkaure, uniq_edmund
D:6:      layout_loops_ring
D:7:      layout_loops_ring, mainiacjoe_overflow_catwalk
D:8:      layout_rooms, ashenzari_altar_1, lemuel_round_altar, uniq_jeremiah
Temple:   bh_familiar_temple

Skill      XL: |  1  2  3  4  5  6  7  8  9 |
---------------+----------------------------+-----
Axes           | 4 5 6 7 8 |  8.2
Fighting       | 4 5 6 7 8 |  8.2
Armour         | 3 4 5 6 8 9 |  9.6
Throwing       | 1 2 3 4 5 |  5.0
Evocations     | 1 3 4 |  4.0
Dodging        | |  2.1

Action                     |  1- 3 |  4- 6 |  7- 9 || total
---------------------------+-------+-------+-------++-------
  Melee: Hand axe          |    63 |    51 |   209 ||   323
         Headbutt          |     6 |     7 |    55 ||    68
         Broad axe         |       |       |    84 ||    84
         Punch             |       |       |     4 ||     4
 Invoke: Berserk           |     1 |     1 |     2 ||     4
  Evoke: Wand              |       |       |     1 ||     1
    Use: Scroll            |       |       |     7 ||     7
         Potion            |       |       |     3 ||     3
 Armour: Animal skin       |    19 |       |       ||    19
         Ring mail         |     7 |       |       ||     7
         Chain mail        |    10 |    46 |     8 ||    64
         Plate armour      |       |       |   272 ||   272
  Dodge: Dodged            |    42 |    20 |   120 ||   182

Table legend: (Time is in decaauts)
 A = Elapsed time spent in this place.
 B = Non-inter-level travel time spent in this place.
 C = Inter-level travel time spent in this place.
 D = Time resting spent in this place.
 E = Time spent auto-exploring this place.
 F = Levels seen in this place.
 G = Mean time per level.
                   A        B        C        D        E       F      G
               +--------+--------+--------+--------+--------+-----+--------+
         Total |   5897 |   5644 |    253 |    136 |   4433 |  10 |  589.7 |
       Dungeon |   5400 |   5147 |    253 |    136 |   4077 |   8 |  675.0 |
        Temple |      1 |      1 |      0 |      0 |      0 |   1 |    1.0 |
         Sewer |    495 |    495 |      0 |      0 |    356 |   1 |  495.0 |
               +--------+--------+--------+--------+--------+-----+--------+

Top non-repeatable levels by time:
     D:7: 1070 daAuts
     D:4: 1017 daAuts
     D:6: 700 daAuts
     D:1: 687 daAuts
     D:5: 682 daAuts
     D:3: 651 daAuts
     D:2: 563 daAuts
   Sewer: 495 daAuts
     D:8: 27 daAuts
  Temple: 1 daAuts
